AoeStats
← Bugsibär

Arabia

509110639Analyzed
1v1 RM · 7d ago on Sep 25, 2026· 21m 39s· 2 players
Game mode
Random Map
Map size
Tiny (2 player)
Population
200
Speed
Normal
Resources
Standard
Victory
Conquest
Starting age
Dark Age
Ending age
Imperial Age
RankedLock teamsTeams togetherTeam positionsShared explorationLock speedFull tech treeHidden civsTurbo modeCheats
Victory
Defeat
🇪🇸 Slavs · Spain
1808
+14
🇩🇪 Ethiopians · Germany
1763
-14
Bugsibär
6:44 Loom
9:25 Feudal Age
10:14 Double-Bit Axe
10:12 Horse Collar
20:42 Castle Age
20:41 Fletching
21:02 Crossbowman
21:47 Thumb Ring
DS_Maulet
6:07 Loom
9:06 Feudal Age
9:46 Double-Bit Axe
11:05 Horse Collar
16:06 Gold Mining
19:01 Castle Age
17:22 Fletching
17:58 Padded Archer Armor
19:02 Elite Skirmisher
19:38 Bodkin Arrow
19:54 Bow Saw
20:52 Bow Saw
21:01 Leather Archer Armor
Connection lost

Rejoining the realm…

Still unreachable

The connection could not be restored.

Session expired

The server has moved on; the page needs a fresh start.